AoeStats
← MooseMooch

Arena

509039894Analyzed
1v1 RM · 7d ago on Sep 25, 2026· 52m 45s· 2 players
Game mode
Random Map
Map size
Tiny (2 player)
Population
200
Speed
Normal
Resources
Standard
Victory
Conquest
Starting age
Dark Age
Ending age
Imperial Age
RankedLock teamsTeams togetherTeam positionsShared explorationLock speedFull tech treeHidden civsTurbo modeCheats
Victory
Defeat
🇩🇪 Portuguese · Germany
1305
+14
🇹🇼 Italians · Taiwan
1255
-14
Stoner27
10:54 Feudal Age
12:08 Double-Bit Axe
12:24 Horse Collar
14:53 Castle Age
15:04 Light Cavalry
17:07 Town Watch
19:31 Husbandry
21:37 Atonement
25:45 Wheelbarrow
24:56 Loom
25:24 Bow Saw
25:17 Heavy Plow
26:04 Gold Mining
27:30 Fletching
27:50 Stone Mining
31:24 Imperial Age
29:03 Bodkin Arrow
30:02 Ballistics
29:47 Padded Archer Armor
30:16 Squires
30:02 Arson
31:08 Leather Archer Armor
31:40 Stone Shaft Mining
32:25 Bracer
32:56 Ring Archer Armor
32:26 Scale Mail Armor
33:47 Two-Man Saw
33:38 Conscription
33:38 Murder Holes
34:44 Chemistry
33:17 Capped Ram
35:37 Chain Mail Armor
35:33 Forging
36:45 Fortified Wall
37:19 Plate Mail Armor
37:30 Hand Cart
37:43 Masonry
37:14 Treadmill Crane
40:05 Iron Casting
43:50 Elite Skirmisher
44:08 Pikeman
48:35 Architecture
49:15 Blast Furnace
49:36 Pikeman
MooseMooch
11:32 Feudal Age
15:03 Castle Age
13:05 Double-Bit Axe
13:32 Horse Collar
15:21 Light Cavalry
17:24 Bow Saw
21:43 Loom
22:37 Wheelbarrow
21:49 Town Watch
27:33 Imperial Age
25:54 Crossbowman
26:49 Fletching
27:19 Heavy Plow
27:17 Gold Mining
27:18 Stone Mining
27:53 Hand Cart
27:37 Bodkin Arrow
29:23 Chemistry
29:25 Stone Shaft Mining
28:58 Bracer
30:11 Thumb Ring
30:23 Arbalester
31:42 Conscription
32:51 Treadmill Crane
33:42 Siege Engineers
34:25 Masonry
34:36 Ballistics
35:01 Padded Archer Armor
36:38 Leather Archer Armor
38:01 Ring Archer Armor
37:37 Scale Barding Armor
37:33 Husbandry
37:44 Bloodlines
40:04 Chain Barding Armor
39:55 Forging
41:14 Plate Barding Armor
42:46 Iron Casting
42:36 Cavalier
45:01 Blast Furnace
46:42 Architecture
46:23 Fortified Wall
48:11 Guilds
50:43 Murder Holes
53:13 Two-Man Saw
52:44 Crop Rotation
52:27 Arquebus
Connection lost

Rejoining the realm…

Still unreachable

The connection could not be restored.

Session expired

The server has moved on; the page needs a fresh start.